AoeStats
← cihuncihome

MegaRandom

510427376Analyzed
4v4 RM · 6h ago on Oct 1, 2026· 58m 9s· 8 players
Game mode
Random Map
Map size
Large (8 player)
Population
200
Speed
Normal
Resources
Standard
Victory
Conquest
Starting age
Dark Age
Ending age
Imperial Age
RankedLock teamsTeams togetherTeam positionsShared explorationLock speedFull tech treeHidden civsTurbo modeCheats
Victory
Defeat
🇨🇱 Britons · Chile
1274
+10
🇨🇱 Mongols · Chile
1249
+11
🇨🇱 Armenians · Chile
1142
+15
🇨🇱 Cumans · Chile
699
+30
🇨🇳 Japanese · China
1122
-17
🇲🇽 Persians · Mexico
1119
-17
🇳🇿 Malians · New Zealand
1118
-16
🇦🇷 Inca · Argentina
1112
-16
Superpajarraco
0:31 Loom
9:56 Feudal Age
13:32 Castle Age
11:54 Double-Bit Axe
11:52 Horse Collar
15:23 Husbandry
22:17 Scale Barding Armor
22:39 Bloodlines
23:42 Forging
23:24 Town Watch
24:14 Wheelbarrow
23:57 Gold Mining
26:36 Chain Barding Armor
30:07 Bow Saw
32:01 Iron Casting
37:40 Imperial Age
34:46 Light Cavalry
36:29 Gold Shaft Mining
38:40 Plate Barding Armor
38:43 Cavalier
42:19 Savar
44:51 Blast Furnace
46:04 Hand Cart
51:47 Fletching
52:47 Masonry
55:32 Elite Skirmisher
56:19 Thumb Ring
56:37 Conscription
56:53 Hoardings
56:27 Bodkin Arrow
56:32 Padded Archer Armor
56:56 Ballistics
57:36 Chemistry
57:09 Architecture
niquito0912
0:41 Loom
8:32 Feudal Age
10:03 Double-Bit Axe
11:20 Fletching
11:31 Padded Archer Armor
22:22 Castle Age
20:07 Horse Collar
22:26 Elite Skirmisher
24:04 Wheelbarrow
24:29 Gold Mining
24:44 Crossbowman
28:33 Bodkin Arrow
28:53 Leather Archer Armor
31:02 Ballistics
32:17 Heavy Plow
32:29 Bow Saw
32:10 Stone Mining
34:20 Gold Shaft Mining
35:59 Hand Cart
40:10 Imperial Age
39:46 Town Watch
40:29 Arbalester
41:15 Thumb Ring
41:21 Andean Sling
43:42 Bracer
44:12 Ring Archer Armor
43:26 Heavy Scorpion
53:03 Forging
52:53 Scale Mail Armor
53:03 Champi Runner
53:44 Squires
53:30 Arson
54:23 Iron Casting
55:19 Town Patrol
55:33 Champi Warrior
57:17 Blast Furnace
56:33 Chain Mail Armor
56:32 Elite Champi Warrior
57:16 Fabric Shields
57:39 Conscription
crispyburrito
0:39 Loom
10:18 Feudal Age
10:47 Double-Bit Axe
10:43 Horse Collar
10:36 Man-at-Arms
19:36 Castle Age
20:03 Wheelbarrow
22:09 Scale Mail Armor
22:19 Forging
23:13 Chain Mail Armor
28:53 Arson
29:08 Squires
29:45 Iron Casting
29:35 Hand Cart
37:40 Imperial Age
34:56 Town Watch
35:14 Heavy Plow
38:42 Conscription
37:44 Elite Gbeto
39:02 Plate Mail Armor
44:33 Tigui
50:58 Elite Skirmisher
51:31 Fletching
52:35 Bodkin Arrow
52:40 Padded Archer Armor
53:57 Chemistry
53:18 Ballistics
52:39 Treadmill Crane
53:10 Masonry
53:09 Scale Barding Armor
54:48 Thumb Ring
54:59 Leather Archer Armor
cihuncihome
3:29 Loom
11:49 Feudal Age
17:04 Castle Age
17:48 Pikeman
19:29 Squires
20:40 Fletching
20:14 Crossbowman
venusnocturna
8:43 Feudal Age
9:16 Loom
9:57 Double-Bit Axe
14:29 Castle Age
20:23 Redemption
23:31 Fervor
23:42 Sanctity
25:35 Forging
25:25 Scale Mail Armor
30:44 Iron Casting
30:24 Chain Mail Armor
32:54 Chain Mail Armor
44:25 Imperial Age
45:11 Fereters
46:15 Blast Furnace
45:46 Plate Mail Armor
46:15 Illumination
46:06 Block Printing
46:28 Theocracy
49:02 Wheelbarrow
55:06 Conscription
[TVDT] Emiliator
0:37 Loom
9:11 Feudal Age
10:31 Double-Bit Axe
11:56 Fletching
12:07 Padded Archer Armor
20:30 Horse Collar
24:15 Wheelbarrow
27:33 Castle Age
26:52 Gold Mining
28:53 Bow Saw
28:48 Bodkin Arrow
28:15 Crossbowman
29:15 Leather Archer Armor
32:49 Heavy Plow
35:05 Ballistics
39:29 Hand Cart
41:48 Gold Shaft Mining
41:03 Stone Mining
41:16 Town Watch
43:00 Yeomen
47:16 Imperial Age
47:24 Arbalester
47:24 Elite Skirmisher
48:43 Town Patrol
50:01 Chemistry
51:11 Bracer
51:41 Ring Archer Armor
Fideos+Salsa
0:45 Loom
12:45 Feudal Age
18:15 Wheelbarrow
21:55 Horse Collar
22:04 Double-Bit Axe
22:58 Bloodlines
24:51 Bloodlines
28:44 Castle Age
28:05 Town Watch
28:34 Gold Mining
28:35 Stone Mining
30:38 Heavy Plow
30:59 Bow Saw
32:44 Scale Barding Armor
32:52 Forging
33:01 Forging
37:01 Hand Cart
36:38 Light Cavalry
42:20 Ballistics
43:33 Thumb Ring
45:51 Pikeman
46:34 Squires
46:19 Arson
50:00 Imperial Age
49:50 Town Patrol
53:45 Chemistry
54:45 Chain Barding Armor
54:00 Cavalier
54:00 Hussar
56:13 Gold Shaft Mining
57:26 Two-Man Saw
57:11 Crop Rotation
56:06 Heavy Cavalry Archer
57:13 Parthian Tactics
57:36 Elite Kipchak
58:20 Cuman Mercenaries
AiM | yunito000
0:38 Loom
9:25 Feudal Age
10:08 Double-Bit Axe
12:54 Castle Age
19:39 Horse Collar
21:07 Fletching
22:44 Husbandry
23:05 Bloodlines
23:26 Padded Archer Armor
24:05 Gold Mining
26:42 Bow Saw
26:31 Bodkin Arrow
29:50 Heavy Plow
29:55 Town Watch
30:46 Wheelbarrow
33:26 Imperial Age
34:11 Ballistics
34:37 Bracer
35:13 Leather Archer Armor
35:37 Conscription
36:30 Chemistry
38:31 Gold Shaft Mining
37:46 Stone Mining
38:34 Hand Cart
38:20 Town Patrol
39:13 Scale Barding Armor
39:19 Forging
40:32 Elite Mangudai
41:35 Drill
42:08 Chain Barding Armor
42:23 Iron Casting
42:17 Husbandry
42:45 Capped Ram
44:03 Siege Ram
51:24 Hoardings
52:23 Heavy Scorpion
59:21 Stone Shaft Mining
Connection lost

Rejoining the realm…

Still unreachable

The connection could not be restored.

Session expired

The server has moved on; the page needs a fresh start.